AoeStats
← [TAIDA] WH

Arabia

510537038Analyzed
4v4 RM · 16h ago on Oct 1, 2026· 30m 2s· 8 players
Game mode
Random Map
Map size
Large (8 player)
Population
200
Speed
Normal
Resources
Standard
Victory
Conquest
Starting age
Dark Age
Ending age
Imperial Age
RankedLock teamsTeams togetherTeam positionsShared explorationLock speedFull tech treeHidden civsTurbo modeCheats
Victory
Defeat
🇹🇼 Koreans · Taiwan
1365
+14
🇦🇷 Shu · Argentina
1355
+14
🇦🇷 Saracens · Argentina
1321
+16
🇹🇼 Gurjaras · Taiwan
1312
+16
🇻🇳 Spanish · Vietnam
1349
-17
🇩🇪 Shu · Germany
1315
-15
🇨🇳 Persians · China
1300
-14
🇩🇪 Wei · Germany
1287
-14
Das Frettchen
6:21 Loom
9:25 Feudal Age
10:11 Double-Bit Axe
13:28 Fletching
14:24 Padded Archer Armor
21:11 Wheelbarrow
27:57 Castle Age
Tiểu Long Nữ
8:48 Loom
11:02 Feudal Age
14:56 Castle Age
13:05 Double-Bit Axe
13:36 Horse Collar
16:43 Heavy Plow
18:26 Husbandry
24:52 Padded Archer Armor
26:43 Bloodlines
28:02 Wheelbarrow
29:02 Leather Archer Armor
Liquidator
10:15 Feudal Age
9:07 Loom
11:12 Double-Bit Axe
11:09 Horse Collar
15:27 Wheelbarrow
16:55 Bloodlines
17:15 Forging
22:29 Gold Mining
25:23 Castle Age
24:19 Scale Barding Armor
24:59 Fletching
26:41 Chain Barding Armor
26:39 Husbandry
29:49 Iron Casting
孤鸿
7:13 Loom
9:24 Feudal Age
10:13 Double-Bit Axe
11:02 Horse Collar
16:13 Scale Barding Armor
17:18 Forging
19:19 Gold Mining
20:01 Bloodlines
24:12 Castle Age
25:01 Chain Barding Armor
26:24 Iron Casting
26:12 Husbandry
27:17 Wheelbarrow
27:27 Husbandry
[TAIDA]馬其
5:16 Loom
8:33 Feudal Age
11:36 Double-Bit Axe
16:28 Wheelbarrow
17:09 Scale Barding Armor
19:02 Bloodlines
22:57 Castle Age
25:59 Husbandry
27:28 Bow Saw
27:00 Horse Collar
[TAIDA] WH
3:06 Loom
8:24 Loom
10:38 Feudal Age
11:25 Double-Bit Axe
12:20 Fletching
14:36 Horse Collar
23:07 Castle Age
22:01 Gold Mining
23:11 Stone Mining
23:48 Bodkin Arrow
23:43 Crossbowman
26:02 Bow Saw
27:46 Ballistics
28:10 Thumb Ring
[TAIDA]= =
7:06 Loom
9:25 Feudal Age
14:00 Fletching
16:52 Padded Archer Armor
17:05 Horse Collar
17:12 Double-Bit Axe
23:14 Castle Age
23:22 Gold Mining
23:39 Town Watch
23:18 Crossbowman
24:17 Bodkin Arrow
24:35 Bow Saw
26:40 Thumb Ring
28:28 Wheelbarrow
29:00 Ballistics
29:37 Leather Archer Armor
29:40 Hand Cart
forever666f
6:05 Loom
8:35 Feudal Age
9:47 Double-Bit Axe
11:41 Bloodlines
15:54 Forging
17:38 Scale Barding Armor
22:12 Castle Age
20:26 Horse Collar
21:43 Gold Mining
23:26 Wheelbarrow
23:29 Chain Barding Armor
23:56 Husbandry
26:30 Bow Saw
Connection lost

Rejoining the realm…

Still unreachable

The connection could not be restored.

Session expired

The server has moved on; the page needs a fresh start.